 Dungeon Crawl Stone Soup version 0.24.0-37-gcf1ca852f1 (webtiles) character file.

Game seed: 17747586846452982049, levelgen mode: deterministic

181 grindst0ne the Covert (level 5, -2/25 HPs)
             Began as a Spriggan Assassin on Nov 29, 2019.
             Killed from afar by Natasha (7 damage)
             ... with a magic dart
             ... on level 3 of the Dungeon.
             The game lasted 00:06:12 (2760 turns).

grindst0ne the Covert (Spriggan Assassin)           Turns: 2760, Time: 00:06:13

Health: -2/25      AC:  2    Str:  7    XL:     5   Next: 34%
Magic:  6/6        EV: 21    Int: 12    God:
Gold:   112        SH:  0    Dex: 19    Spells: 4/4 levels left

rFire    + . .     SeeInvis +   a - +2 dagger
rCold    + + .     Gourm    .   (shield restricted)
rNeg     . . .     Faith    .   b - +0 robe
rPois    .         Spirit   .   (helmet restricted)
rElec    .         Reflect  .   g - scarf {rC+ rF+}
rCorr    .         Harm     .   (gloves unavailable)
MR       .....                  (boots unavailable)
Stlth    ++++......             (no amulet)
HPRegen  0.08/turn              l - ring of protection from cold
MPRegen  0.10/turn              (no ring)

@: slowed, quick
A: very small, unfitting armour, see invisible, herbivore, speed 3, slow
metabolism 2
a: no special abilities


You were on level 3 of the Dungeon.
You were not hungry.

You visited 1 branch of the dungeon, and saw 3 of its levels.

You collected 112 gold pieces.

Inventory:

Hand Weapons
 a - a +2 dagger (weapon)
Missiles
 r - 8 boomerangs (quivered)
Armour
 b - a +0 robe (worn)
 c - a +0 cloak
 g - a scarf of resistance (worn)
Jewellery
 l - a ring of protection from cold (left hand)
Scrolls
 i - 2 scrolls of enchant armour {unknown}
 k - 3 scrolls of identify {unknown}
 n - a scroll of random uselessness {unknown}
 o - 2 scrolls of remove curse {unknown}
 s - a scroll of immolation {unknown}
Potions
 h - 2 potions of flight {unknown}
 j - 2 potions of haste {unknown}
 m - 4 potions of curing {unknown}
 p - a potion of heal wounds {unknown}
 q - a potion of mutation {unknown}
 t - a potion of lignification {unknown}
Comestibles
 f - 5 rations


   Skills:
 - Level 1.5 Fighting
 - Level 2.1 Short Blades
 - Level 2.0 Throwing
 + Level 5.5 Dodging
 + Level 8.3 Stealth


You had 4 spell levels left.
You didn't know any spells.
Your spell library was empty.

Dungeon Overview and Level Annotations

Branches:
Dungeon (3/15)

Altars:
Yredelemnul

Annotations:
D:3 Natasha


Innate Abilities, Weirdness & Mutations

You are very small and have problems with some larger weapons.
You are too small for most types of armour.
You have supernaturally acute eyesight. (SInv)
You are a herbivore.
You cover ground extremely quickly.
You need to consume almost no food.


Message History

Natasha, Servant of Life and Death comes into view.
You see here a frilled lizard corpse.
You start resting.
Natasha is too close now for your liking.
You start resting.
Natasha is too close now for your liking.
Natasha howls an incantation.
Natasha shimmers violently.
Natasha stares at you and mumbles some strange words.
You feel yourself slow down. Natasha casts a spell at you.
The magic dart hits you!
* * * LOW HITPOINT WARNING * * *
Natasha wildly gestures.
Natasha glows brightly for a moment.
Natasha casts a spell at you.
You easily resist.
Natasha casts a spell at you. The magic dart hits you!
You die...

..###.....## #.............#
..#######..#######.###.........#
.......................#####.###
........<##.######.###.####..#
..####.....h................##
....................######..#
..#######.#...##..#..#####.÷#
.## #...#....###........## ##
###..[..@.(..####....#
##..........÷...####
#..[......###### #.........#
###########


You could see Natasha.

Vanquished Creatures
  Natasha (twice) (D:3)
  Terence (D:3)
  3 adders
  An ooze (D:1)
  2 worms (D:3)
  2 dart slugs
  A leopard gecko (D:2)
  5 orcs (D:3)
  4 giant cockroaches
  6 goblins
  6 hobgoblins
  3 jackals (D:3)
  A ball python (D:2)
  8 bats
  4 frilled lizards
  4 kobolds
  12 rats
65 creatures vanquished.

Vanquished Creatures (others)
  A giant cockroach (D:2)
1 creature vanquished.

Grand Total: 66 creatures vanquished

Notes
Turn   | Place    | Note
-------+----------+-------------------------------------------
     0 | D:1      | grindst0ne the Spriggan Assassin began the quest for the
                  | Orb.
     0 | D:1      | Reached XP level 1. HP: 10/10 MP: 2/2
   119 | D:1      | Reached skill level 6 in Stealth
   227 | D:1      | Reached XP level 2. HP: 7/14 MP: 3/3
   774 | D:1      | Reached XP level 3. HP: 18/18 MP: 4/4
  1289 | D:2      | Reached skill level 7 in Stealth
  1622 | D:2      | Reached XP level 4. HP: 22/22 MP: 5/5
  1876 | D:3      | Noticed Terence
  1910 | D:3      | Killed Terence
  2051 | D:3      | Noticed Natasha
  2060 | D:3      | Killed Natasha
  2330 | D:3      | Reached skill level 5 in Dodging
  2392 | D:3      | Found a basalt altar of Yredelemnul.
  2415 | D:3      | Reached skill level 8 in Stealth
  2452 | D:3      | Reached XP level 5. HP: 25/25 MP: 6/6
  2644 | D:3      | Noticed Natasha
  2692 | D:3      | Killed Natasha
  2697 | D:3      | Noticed Natasha
  2760 | D:3      | Killed from afar by Natasha

Levels and vault maps discovered:
D:1:      minmay_arrival_cross, layout_basic
D:2:      layout_loops_ring
D:3:      layout_rooms, lemuel_crystal_altar, marbit_many_paths, first_ration,
          uniq_terence, uniq_natasha

Skill      XL: |  1  2  3  4 |
---------------+-------------+-----
Stealth        | 6 7 8 |  8.3
Dodging        | 2 3 4 5 |  5.5
Fighting       | |  1.5
Short Blades   | |  2.1
Throwing       | |  2.0

Action                   |  1- 3 |  4- 6 || total
-------------------------+-------+-------++-------
Melee: Dagger            |   118 |    73 ||   191
Throw: Dart              |    10 |    40 ||    50
       Boomerang         |       |     2 ||     2
  Use: Scroll            |     1 |       ||     1
 Stab: Sleeping          |    14 |     4 ||    18
       Distracted        |     2 |       ||     2
Armor: Robe              |     9 |     1 ||    10
Dodge: Dodged            |    85 |    49 ||   134
